 Dungeon Crawl Stone Soup version 0.31-a0-198-g2ad674f65e (webtiles) character file.

Game seed: 14534328856799735113

71 qw the Shooter (level 4, 0/25 HPs)
             Began as a Deep Elf Hunter on June 25, 2023.
             Slain by a gnoll
             ... wielding a +0 whip
              (4 damage)
             ... on level 2 of the Dungeon.
             The game lasted 00:00:29 (1299 turns).

qw the Shooter (Deep Elf Hunter)                    Turns: 1299, Time: 00:00:29

Health: 0/25       AC:  3    Str: 10    XL:     4   Next: 5%
Magic:  6/6        EV: 12    Int: 14    God:
Gold:   34         SH:  0    Dex: 18    Spells: 3/3 levels left

rFire   . . .        Y - +0 shortbow
rCold   . . .        (shield currently unavailable)
rNeg    . . .        c - +0 leather armour
rPois   .            (no helmet)
rElec   .            (no cloak)
rCorr   .            (no gloves)
SInv    .            (no boots)
Will    .....        (no amulet)
Stlth   ++           (no ring)
HPRegen 0.24/turn    (no ring)
MPRegen 0.10/turn

%: no passive effects
@: no status effects
A: no striking features
a: no special abilities


You were on level 2 of the Dungeon.
You visited 1 branch of the dungeon, and saw 2 of its levels.

You collected 34 gold pieces.


   Skills:
 - Level 1.5 Fighting
 + Level 7.5 Ranged Weapons
 - Level 2.4 Dodging
 - Level 1.2 Stealth


You had 3 spell levels left.
You didn't know any spells.
Your spell library was empty.

Inventory:

Hand Weapons
 Y - a +0 shortbow (weapon)
Armour
 a - a +0 scale mail
 c - a +0 leather armour (worn)
Scrolls
 b - a scroll of revelation {unknown}
 g - a scroll of poison {unknown}
Potions
 d - a potion of curing {unknown}
 e - a potion of brilliance {unknown}
 f - a potion of heal wounds
 h - a potion of invisibility {unknown}

Dungeon Overview and Level Annotations

Branches:
Dungeon (2/15)

Altars:


Message History

You shoot an arrow.
The arrow hits the gnoll but does no damage.
The gnoll is almost dead.
You shoot an arrow.
The arrow hits the gnoll but does no damage.
The gnoll is almost dead.
The gnoll hits you with a +0 whip.
You shoot an arrow. The arrow hits the gnoll.
The gnoll is almost dead.
The gnoll barely misses you.
You shoot an arrow. The arrow closely misses the gnoll.
The gnoll closely misses you. The gnoll misses you.
You shoot an arrow. The arrow barely misses the gnoll.
The gnoll hits you from afar with a +0 spear.
The gnoll hits you but does no damage.
You shoot an arrow.
The arrow hits the gnoll but does no damage.
The gnoll is almost dead.
The gnoll closely misses you. The gnoll hits you with a +0 whip!
You shoot an arrow. The arrow barely misses the gnoll.
The gnoll hits you from afar with a +0 spear.
The gnoll closely misses you.
You shoot an arrow.
The arrow hits the gnoll but does no damage.
The gnoll is almost dead.
The gnoll hits you from afar with a +0 spear.
The gnoll misses you.
1297 ||| DRINKING 2 potions of heal wounds.
You feel much better.
The gnoll hits you from afar with a +0 spear.
The gnoll closely misses you.
You shoot an arrow. The arrow barely misses the gnoll.
The gnoll hits you from afar with a +0 spear.
The gnoll hits you with a +0 whip.
You shoot an arrow.
The arrow hits the gnoll but does no damage.
The gnoll is almost dead.
The gnoll hits you from afar with a +0 spear!
The gnoll hits you with a +0 whip.
You die...

...............##.#
#%#.#########
..###############.#
#.#.# ..# #.###...#
.### .#.....## ...##
#.####.# ....# #.#
#.# ....#
##.####.### ....#
#######g........#
...##
...).g.@.####.#.####
# #.## #######.##
#.#.##.. . .... #.#
#.#.##.# # ....# #.#
#.#.##.# # ....# #.#
#.#.##.# # ....# #.#
#.#.##.# # ... #.#
#.#.##.##### .. #.#
#....... .########
... #..#####


You could see 2 gnolls.

Vanquished Creatures
  Natasha (D:2)
  An ufetubus (D:2)
  A worm (D:2)
  3 bats (D:2)
  3 endoplasms (D:2)
  2 giant cockroaches
  7 goblins
  2 hobgoblins
  5 kobolds
  2 quokkas
  A ball python (D:1)
  2 frilled lizards (D:2)
  3 rats
33 creatures vanquished.

Notes
Turn   | Place    | Note
-------+----------+-------------------------------------------
     0 | D:1      | qw the Deep Elf Hunter began the quest for the Orb.
     0 | D:1      | Reached XP level 1. HP: 12/12 MP: 3/3
     0 | D:1      | 0 ||| qw: Version: 0.3-a-22-g0ed2b0b
     0 | D:1      | 0 ||| qw: Game counter: 5333
     0 | D:1      | 0 ||| qw: Melee chars always use a shield: true
     0 | D:1      | 0 ||| qw: God list: Okawaru
     0 | D:1      | 0 ||| qw: Allow faded altars: false
     0 | D:1      | 0 ||| qw: Do Orc after clearing Dungeon:15 true
     0 | D:1      | 0 ||| qw: Do second Lair branch before Depths: true
     0 | D:1      | 0 ||| qw: Lair rune preference: random
     0 | D:1      | 0 ||| qw: Goals: Normal
     0 | D:1      | 0 ||| PLANNING D:1-11
    78 | D:1      | HP: 1/12 [kobold/+0 short sword (3)]
   220 | D:1      | Noticed a golden eye
   222 | D:1      | 222 ||| DROPPING scroll of butterflies.
   224 | D:1      | Found a faded altar of an unknown god.
   256 | D:1      | Noticed a shining eye
   256 | D:1      | Noticed a golden eye
   256 | D:1      | Noticed a golden eye
   268 | D:1      | Reached XP level 2. HP: 16/16 MP: 4/4
   386 | D:1      | Reached skill level 6 in Ranged Weapons
   776 | D:1      | 776 ||| READING scroll labelled ZICAUNL RUOGG.
   777 | D:1      | 777 ||| DRINKING 2 fizzy blue potions.
   999 | D:2      | Reached XP level 3. HP: 20/20 MP: 5/5
  1227 | D:2      | Reached skill level 7 in Ranged Weapons
  1233 | D:2      | Noticed Natasha
  1235 | D:2      | 1235 ||| FLEEEEING.
  1242 | D:2      | Killed Natasha
  1243 | D:2      | Reached XP level 4. HP: 19/25 MP: 6/6
  1296 | D:2      | HP: 4/25 [gnoll/+0 spear (6)]
  1297 | D:2      | 1297 ||| DRINKING 2 potions of heal wounds.
  1299 | D:2      | Slain by a gnoll

Levels and vault maps discovered:
D:1:      minmay_arrival_five_plusses, layout_loops_ring,
          hellmonk_ecumenical_altar_watching_god,
          chequers_serial_rivers_large_a, grunt_decor_cap
D:2:      layout_loops_ring, uniq_natasha

Skill      XL: |  1  2  3 |
---------------+----------+-----
Ranged Weapons | 6 7 |  7.5
Fighting       | |  1.5
Dodging        | |  2.4
Stealth        | |  1.2

Action                     |  1- 3 |  4- 6 || total
---------------------------+-------+-------++-------
   Fire: Shortbow          |   103 |    15 ||   118
    Use: Potion            |     1 |     1 ||     2
         Scroll            |     1 |       ||     1
 Armour: Leather armour    |    12 |     1 ||    13
  Dodge: Dodged            |    27 |     7 ||    34

Table legend:
 A = Non-vault XP
 B = Vault XP
 C = Vault XP percentage of total XP
 D = Non-vault monster count
 E = Vault monster count
 F = Vault count percentage of total count
                 A         B        C        D         E       F
            +---------+---------+-------+---------+---------+-------
      Total |      66 |      36 |  35.3 |      32 |       1 |   3.0
            +---------+---------+-------+---------+---------+-------
        D:1 |      25 |       0 |   0.0 |      14 |       0 |   0.0
        D:2 |      41 |      36 |  46.8 |      18 |       1 |   5.3
            +---------+---------+-------+---------+---------+-------
